 Dungeon Crawl Stone Soup version 0.19-a0-1468-ge013c26 (webtiles) character file.

156 LORDOFBUTT the Charmwright (level 5, -2/41 HPs)
             Began as a Merfolk Skald on Sept 7, 2016.
             Slain by an orc
             ... wielding a +0 trident
              (8 damage)
             ... on level 4 of the Dungeon.
             The game lasted 00:04:28 (3493 turns).

LORDOFBUTT the Charmwright (Merfolk Skald)          Turns: 3493, Time: 00:04:30

Health: -2/41      AC:  3    Str: 13    XL:     5   Next: 38%
Magic:  5/8        EV: 12    Int: 12    God:
Gold:   80         SH:  0    Dex: 13    Spells: 3 memorised, 3 levels left

rFire  . . .     SeeInvis .     t - +0 trident
rCold  . . .     Gourm    .     b - +0 leather armour
rNeg   . . .     Faith    .     (no shield)
rPois  .         Spirit   .     (no helmet)
rElec  .         Dismiss  .     (no cloak)
rCorr  .         Reflect  .     (no gloves)
MR     .....     Harm     .     (no boots)
Stlth  +.........               (no amulet)
                                (no ring)
                                (no ring)

@: infused, singing
A: change form in water, swift swim, stealthy swim
a: Stop Singing


You were on level 4 of the Dungeon.
You were not hungry.

You visited 1 branch of the dungeon, and saw 4 of its levels.

You collected 80 gold pieces.

Inventory:

Hand Weapons
 t - a +0 trident (weapon)
Armour
 b - a +0 leather armour (worn)
Jewellery
 i - an uncursed ring of positive energy {unknown}
Scrolls
 a - a scroll of amnesia
Potions
 e - a potion of brilliance {unknown}
 f - a potion of cancellation {unknown}
 h - a potion of agility {unknown}
 k - a potion of cure mutation {unknown}
 l - a potion of flight {unknown}
 n - 2 potions of mutation {unknown}
 o - a potion of degeneration {unknown}
 p - a potion of resistance {unknown}
 q - 3 potions of might {unknown}
Books
 c - a book of Battle

   Spells                             Type                      Level
   a - Infusion                       Charms                       1
   b - Shroud of Golubria             Charms/Translocation         2
   c - Song of Slaying                Charms                       2
   d - Spectral Weapon                Hexes/Charms                 3
   e - Regeneration                   Charms/Necromancy            3
Comestibles
 d - 2 meat rations
 g - a slice of pizza
 j - 2 bread rations
 m - a royal jelly


   Skills:
 + Level 3.0 Fighting
 + Level 4.0 Polearms
 + Level 1.6 Armour
 + Level 2.5 Dodging
 + Level 0.5 Stealth
 * Level 2.2 Spellcasting
 * Level 4.2 Charms
 * Level 0.5 Translocations


You had 3 spell levels left.
You knew the following spells:

 Your Spells              Type           Power        Failure   Level  Hunger
a - Infusion              Chrm           ##..         8%          1    ##.....
b - Shroud of Golubria    Chrm/Tloc      #.........   24%         2    ###....
c - Song of Slaying       Chrm           ##......     12%         2    ###....


Dungeon Overview and Level Annotations

Branches:
Dungeon (4/15)
 Temple: D:4-7

Altars:
Ashenzari
Cheibriados
Gozag
Nemelex Xobeh


Message History

The orc priest is moderately wounded.
The orc hits you from afar with a trident.
The orc priest hits you with a mace.
You closely miss the orc priest.
The orc priest is moderately wounded.
The orc hits you from afar with a trident.
The orc priest closely misses you.
Casting: Song of Slaying
Confirm with . or Enter, or press ? or * to list all spells.
You start singing a song of slaying.
The gnoll misses you. The orc priest barely misses you. The orc misses you.
The orc priest closely misses you.
Casting: Song of Slaying
Confirm with . or Enter, or press ? or * to list all spells.
You begin infusing your attacks with magical energy.
The orc priest mumbles some strange prayers to Beogh against you.
Beogh smites you! The gnoll hits you with a flail!
* * * LOW HITPOINT WARNING * * *
The orc hits you from afar with a trident!
You die...

#.............
#.###.#######. #.#
#....# #.###..###
######.<##....###
####........†........
".....>........######
####.#..#.........# #
#..@oo##..####
#....g#o.##..#
#..##..o..#..# #..
.......... ...
..........[.
....(..........#
..........#.....
##$##. .......


You could see 2 orc priests, a gnoll and 2 orcs.

Vanquished Creatures
  A centaur zombie (D:3)
  4 adders
  An ooze (D:3)
  A worm (D:3)
  A dart slug (D:3)
  3 giant geckos
  5 orcs (D:3)
  3 ball pythons
  A giant cockroach (D:3)
  2 goblins
  7 hobgoblins
  6 jackals (D:2)
  A quokka (D:2)
  5 bats
  12 giant newts
  14 kobolds
  5 rats
72 creatures vanquished.

Notes
Turn   | Place    | Note
-------+----------+-------------------------------------------
     0 | D:1      | LORDOFBUTT the Merfolk Skald began the quest for the Orb.
     0 | D:1      | Reached XP level 1. HP: 16/16 MP: 3/3
   292 | D:1      | Reached XP level 2. HP: 23/23 MP: 5/5
   775 | D:2      | Reached XP level 3. HP: 26/28 MP: 6/6
  1365 | D:2      | Reached skill level 1 in Armour
  1616 | D:2      | Reached XP level 4. HP: 31/34 MP: 7/7
  2279 | D:3      | Learned a level 2 spell: Shroud of Golubria
  2282 | D:3      | Learned a level 2 spell: Song of Slaying
  2290 | D:3      | Found a shattered altar of Ashenzari.
  2463 | D:3      | Reached XP level 5. HP: 19/40 MP: 8/8
  2999 | D:3      | Found a snail-covered altar of Cheibriados.
  2999 | D:3      | Found a sparkling altar of Nemelex Xobeh.
  3000 | D:3      | Found an opulent altar of Gozag.
  3360 | D:3      | Learned a level 1 spell: Infusion
  3493 | D:4      | Slain by an orc

Vault maps used:
D:1:      saegor_arrival_simple_c, kennysheep_decorative_pillar
D:2:      minmay_newt_pond
D:3:      gammafunk_temple_overflow_claw, first_bread, minmay_misc_feat_plants,
          ashenzari_altar_1
D:4:      vehumet_statue, serial_shops, shop, nicolae_shop_behind_doors,
          nicolae_shop_waterfront

Skill      XL: |  1  2  3  4  5 |
---------------+----------------+-----
Armour         | 1 |  1.6
Dodging        | 2 |  2.5
Polearms       | 4 |  4.0
Charms         | 4 |  4.2
Fighting       | 3 |  3.0
Stealth        | |  0.5
Spellcasting   | |  2.2
Translocations | |  0.5

Action                   |  1- 3 |  4- 6 || total
-------------------------+-------+-------++-------
Melee: Spear             |   125 |   150 ||   275
       Trident           |       |    10 ||    10
 Cast: Song of Slaying   |       |     3 ||     3
       Infusion          |       |     1 ||     1
  Use: Scroll            |       |     8 ||     8
 Stab: Sleeping          |       |     2 ||     2
  Eat: Bread ration      |     1 |       ||     1
       Chunk             |     1 |       ||     1
       Meat ration       |       |     1 ||     1
Armor: Leather armour    |    25 |    28 ||    53
Dodge: Dodged            |    64 |    96 ||   160
